 Dungeon Crawl Stone Soup version 0.19-a0-1292-g796ee4d (webtiles) character file.

14014 4thArraOfDagon the Grappler (level 11, 0/94 HPs)
             Began as a Troll Gladiator on Aug 30, 2016.
             Was an Elder of Sif Muna.
             Slain by a hill giant
             ... wielding a +0 giant spiked club
              (36 damage)
             ... on level 13 of the Dungeon.
             The game lasted 00:28:53 (5137 turns).

4thArraOfDagon the Grappler (Troll Gladiator)       Turns: 5137, Time: 00:28:54

Health: 0/94       AC:  8    Str: 25    XL:     11   Next: 83%
Magic:  14/14      EV: 10    Int:  8    God:    Sif Muna [****..]
Gold:   278        SH: 12    Dex: 10    Spells: 1 memorised, 10 levels left

rFire  . . .     SeeInvis .     G - +0 rod of clouds (3/9)
rCold  . . .     Gourm    +     C - +2 robe {MR+}
rNeg   . . .     Faith    .     f - +0 shield
rPois  .         Spirit   .     j - +1 hat {Int+3}
rElec  .         Dismiss  .     M - +0 cloak
rCorr  .         Reflect  +     (gloves unavailable)
MR     +....     Harm     .     (boots unavailable)
Stlth  +.........               D - +2 amulet of reflection
                                (no ring)
                                (no ring)

@: divine energy
A: unfitting armour, claws 3, hooves 2, blurry vision 1, deformed body, dopey 1,
fast metabolism 3, gourmand, mutation resistance 1, regeneration 1, shaggy fur
1, tough skin 2
a: Stop Divine Energy, Channel Magic, Forget Spell, Renounce Religion


You were on level 13 of the Dungeon.
You worshipped Sif Muna.
Sif Muna was greatly pleased with you.
You were very full.

You visited 2 branches of the dungeon, and saw 14 of its levels.
You also visited: Bailey.

You collected 415 gold pieces.
You spent 137 gold pieces at shops.

Inventory:

Missiles
 c - 4 throwing nets (quivered)
 B - 5 large rocks
Armour
 a - a +0 robe
 b - a +0 hat
 f - a +0 shield (worn)
 j - a +1 hat of intelligence (worn)
 x - a +1 robe of positive energy
 C - a +2 robe of magic resistance (worn)
 M - a +0 cloak (worn)
Magical Staves
 v - an uncursed staff of energy {!a}
Rods
 G - a +0 rod of clouds (3/9) (in claw)
   (You found it on level 10 of the Dungeon)
Jewellery
 D - a +2 amulet of reflection (around neck)
 F - an uncursed ring of teleportation
Wands
 o - a wand of iceblast (0/15)
 J - a wand of acid (3/15)
 N - a wand of random effects (20/48)
Scrolls
 e - 7 scrolls of remove curse
 h - a scroll of amnesia
 k - a scroll of enchant weapon {unknown}
 l - a scroll of noise {unknown}
 m - a scroll of blinking {unknown}
 p - a scroll of enchant armour
 u - 2 scrolls of magic mapping
 y - 2 scrolls of fog
 H - 2 scrolls of teleportation
 I - a scroll of acquirement {unknown}
 K - a scroll of fear {unknown}
Potions
 n - a potion of ambrosia
 q - a potion of heal wounds
 r - 7 potions of curing
 s - a potion of magic
 t - a potion of cancellation
 w - a potion of might
 A - a potion of resistance
 E - a potion of invisibility
 L - a potion of cure mutation {unknown}
Books
 z - a book of the Warp

   Spells                             Type                      Level
   a - Gell's Gravitas                Hexes/Translocation          3
   b - Force Lance                    Conjuration/Translocation    4
   c - Summon Forest                  Summoning/Translocation      5
   d - Dispersal                      Translocation                6
   e - Controlled Blink               Translocation                8
   f - Disjunction                    Translocation                8
Comestibles
 d - 10 bread rations
 g - a royal jelly
 i - 5 meat rations


   Skills:
 - Level 2.3 Fighting
 - Level 1.7 Throwing
 - Level 2.6 Dodging
 + Level 7.4 Shields
 - Level 12.4 Unarmed Combat
 + Level 3.2 Spellcasting
 * Level 5.3 Transmutations
 * Level 6.6 Earth Magic


You had 10 spell levels left.
You knew the following spells:

 Your Spells              Type           Power        Failure   Level  Hunger
a - Statue Form           Tmut/Erth      ##.......    100%        6    #######


Dungeon Overview and Level Annotations

Branches:
Dungeon (13/15)            Temple (1/1) D:5            Lair (0/6) D:9
    Orc: D:9-12      Vaults: D:13-14

Altars:
Dithmenos
Fedhas
Hepliaklqana
Okawaru
Sif Muna
Trog
Vehumet
Yredelemnul
Zin

Shops:
D:5 !

Annotations:
D:3 Shenda's ghost, amateur FoFi
D:8 1 runed door
D:11 George's ghost, journeyman DECj


Innate Abilities, Weirdness & Mutations

You are too large for most types of armour.
You have claws for hands.
Your metabolism is lightning-fast.
You like to eat raw meat.
Your natural rate of healing is unusually fast.
You are covered in fur. (AC +1)
You have very tough skin. (AC +2)
You have hoof-like feet.
Scrolls take you a little longer to read.
Armour fits poorly on your strangely shaped body.
You are dopey. (Int -2)
You are somewhat resistant to further mutation.


Message History

Unknown command.
Unknown command.
Wield which item (- for none, * to show all)? (? for menu, Esc to quit)
G - a +0 rod of clouds (9/9) (in claw)
The giant frog barely misses you.
Aiming: Cloud Cone
Press: ? - help, Dir - move target cursor, f - giant frog
Aim: a giant frog You create a blast of thin mist!
You block the giant frog's attack.
The tengu conjurer mumbles some strange words.
Unknown command.
Two slime creatures merge to form a large slime creature.
Unknown command.
Really read with blurry vision while enemies are nearby?
Okay, then.
Unknown command.
Really read with blurry vision while enemies are nearby?
You begin reading the scroll.
You continue reading the scroll.
The hill giant hits you with a giant spiked club!!!
You die...

#............#
#.....##........#
..... #.J......#
.... #JJ.......
... #FQ....... ..
#Q#####+## . #.#
#########Q#
.......@C.+
..........#
..........#
..........#
...........
############


You could see a hill giant and a tengu warrior.

Vanquished Creatures
  Gastronok (D:8)
  Harold (D:10)
  Erica (D:8)
  Nergalle (D:10)
  Pikel (D:5)
  2 phantasmal warriors (D:10)
  A hill giant (D:10)
  A cyclops (D:10)
  A gargoyle (D:11)
  A centaur skeleton (D:10)
  A meliai zombie (D:8)
  A spriggan (D:7)
  A wraith (D:10)
  A wyvern (D:11)
  A steam dragon (D:8)
  11 yaks
  A hungry ghost (D:9)
  Edmund (D:5)
  3 orc warriors
  A sky beast (D:11)
  An ice beast (D:9)
  3 phantoms
  A black bear (D:8)
  4 slaves (D:5)
  2 ogres
  4 centaurs
  9 big kobolds (D:9)
  4 giant frogs
  A scorpion (D:8)
  A water moccasin skeleton (D:9)
  19 killer bees
  9 wights
  4 howler monkeys
  A crimson imp (D:10)
  A quasit (D:8)
  5 hounds
  2 jellies
  15 orc priests
  2 giant frog skeletons
  3 worker ants
  Ijyb (D:2)
  3 iguanas
  18 orc wizards
  A hound zombie (D:5)
  A hound skeleton (D:4)
  A worker ant zombie (D:10)
  8 adders
  An adder zombie (D:9)
  An adder skeleton (D:6)
  2 worms
  A dart slug (D:1)
  8 giant geckos
  50 orcs
  6 giant cockroaches
  A goblin (D:2)
  5 hobgoblins
  10 kobolds (D:9)
  4 quokkas
  2 ball pythons
  A ball python skeleton (D:5)
  3 bats
  A giant gecko skeleton (D:6)
  4 giant newts
  A quokka skeleton (D:8)
  4 rats
262 creatures vanquished.

Vanquished Creatures (collateral kills)
  2 killer bees (D:10)
  A worker ant (D:11)
3 creatures vanquished.

Vanquished Creatures (others)
  A killer bee (D:10)
1 creature vanquished.

Grand Total: 266 creatures vanquished

Notes
Turn   | Place    | Note
-------+----------+-------------------------------------------
     0 | D:1      | 4thArraOfDagon the Troll Gladiator began the quest for the Orb.
     0 | D:1      | Reached XP level 1. HP: 19/19 MP: 0/0
    70 | D:1      | Reached XP level 2. HP: 24/28 MP: 1/1
   131 | D:2      | Found a radiant altar of Vehumet.
   172 | D:4      | Noticed a phantom
   194 | D:4      | Killed a phantom
   194 | D:4      | Reached skill level 1 in Shields
   194 | D:4      | Reached skill level 4 in Unarmed Combat
   194 | D:4      | Reached XP level 3. HP: 20/36 MP: 2/2
   194 | D:4      | Reached XP level 4. HP: 25/44 MP: 3/3
   234 | D:4      | Reached XP level 5. HP: 32/50 MP: 4/4
   371 | D:4      | Reached skill level 5 in Unarmed Combat
   404 | D:5      | Entered Level 5 of the Dungeon
   427 | D:5      | Found a bloodstained altar of Trog.
   439 | D:5      | Reached XP level 6. HP: 58/58 MP: 5/5
   523 | D:6      | Found an iron altar of Okawaru.
   527 | D:5      | Found a staircase to the Ecumenical Temple.
   528 | D:5      | Noticed a slave
   528 | D:5      | Noticed a slave
   529 | D:5      | Noticed Pikel
   529 | D:5      | Noticed a slave
   530 | Temple   | Entered the Ecumenical Temple
   553 | Temple   | Became a worshipper of Sif Muna the Loreminder
   568 | D:5      | Noticed a slave
   645 | D:3      | Noticed Shenda's ghost (amateur FoFi)
   821 | D:2      | Noticed Ijyb
   842 | D:2      | Killed Ijyb
   842 | D:2      | Reached skill level 6 in Unarmed Combat
  1172 | D:4      | Reached XP level 7. HP: 33/66 MP: 6/6
  1281 | D:5      | Found Kaadol's Distillery.
  1284 | D:5      | Bought a potion of lignification for 33 gold pieces
  1284 | D:5      | Bought a potion of mutation for 27 gold pieces
  1284 | D:5      | Bought a potion of might for 44 gold pieces
  1284 | D:5      | Bought a potion of curing for 33 gold pieces
  1284 | D:5      | Gained mutation: Armour fits poorly on your strangely shaped body. [potion of mutation]
  1284 | D:5      | Gained mutation: You have large cloven feet. [potion of mutation]
  1284 | D:5      | Gained mutation: You are frail. (-10% HP) [potion of mutation]
  1334 | D:5      | Reached skill level 7 in Unarmed Combat
  1476 | D:5      | Killed Pikel
  1476 | D:5      | Reached skill level 8 in Unarmed Combat
  1476 | D:5      | Reached XP level 8. HP: 37/66 MP: 7/7
  1543 | D:5      | Noticed Edmund
  1548 | D:5      | Killed Edmund
  1692 | D:6      | Reached skill level 9 in Unarmed Combat
  1887 | D:7      | Reached skill level 5 in Shields
  2034 | D:7      | Reached XP level 9. HP: 61/72 MP: 8/8
  2041 | D:7      | Reached skill level 10 in Unarmed Combat
  2192 | D:8      | Noticed Erica
  2207 | D:8      | Killed Erica
  2207 | D:8      | Reached skill level 11 in Unarmed Combat
  2259 | D:8      | Learned a level 6 spell: Statue Form
  2397 | D:8      | Reached skill level 1 in Earth Magic
  2445 | D:8      | Noticed Gastronok
  2560 | D:8      | Found a glowing silver altar of Zin.
  2568 | D:8      | Reached skill level 1 in Transmutations
  2577 | D:8      | Found a runed door.
  2577 | D:8      | Noticed an angel
  2613 | D:8      | Reached skill level 1 in Spellcasting
  2743 | D:8      | Killed Gastronok
  2743 | D:8      | Reached * piety under Sif Muna
  2743 | D:8      | Reached XP level 10. HP: 79/79 MP: 9/11
  2940 | D:9      | Found a staircase to the Lair.
  3046 | D:10     | Entered Level 10 of the Dungeon
  3046 | D:10     | Found a flagged portal.
  3079 | Bailey   | Entered a bailey
  3099 | D:10     | Identified a +0 rod of clouds (9/9) (You found it on level 10 of the Dungeon)
  3151 | D:10     | Noticed Nergalle
  3221 | D:9      | Found a shadowy altar of Dithmenos.
  3364 | D:9      | Reached ** piety under Sif Muna
  3419 | D:9      | Reached skill level 12 in Unarmed Combat
  3498 | D:9      | Reached XP level 11. HP: 61/84 MP: 13/13
  3501 | D:9      | Reached skill level 5 in Earth Magic
  3972 | D:10     | Reached *** piety under Sif Muna
  3976 | D:11     | Noticed George's ghost (journeyman DECj)
  4139 | D:11     | Gained mutation: Scrolls take you a little longer to read. [mutagenic meat]
  4142 | D:11     | Gained mutation: You are dopey. (Int -2) [mutagenic meat]
  4145 | D:11     | Gained mutation: You are somewhat resistant to further mutation. [mutagenic meat]
  4148 | D:11     | Gained mutation: You have hoof-like feet. [mutagenic meat]
  4267 | D:11     | Noticed a phantasmal warrior
  4357 | D:10     | Noticed a hill giant
  4380 | D:10     | Killed a hill giant
  4426 | D:11     | Noticed a death knight
  4426 | D:11     | Noticed a phantasmal warrior
  4427 | D:11     | Noticed a phantasmal warrior
  4431 | D:11     | Noticed Harold
  4470 | D:10     | Killed Harold
  4743 | D:10     | Killed a phantasmal warrior
  4789 | D:10     | Killed a phantasmal warrior
  4789 | D:10     | Reached skill level 5 in Transmutations
  4908 | D:10     | Killed Nergalle
  4908 | D:10     | Reached **** piety under Sif Muna
  4923 | D:10     | Lost mutation: You are frail. (-10% HP) [potion of mutation]
  5104 | D:12     | Noticed a hill giant
  5108 | D:12     | Noticed a seven-headed hydra
  5123 | D:13     | Found an iron altar of Okawaru.
  5126 | D:13     | Noticed a tengu warrior
  5137 | D:13     | Slain by a hill giant

Vault maps used:
D:1:      lightli_molten_gateway
D:2:      overflow_temple_1_default, lemuel_doored_altar, uniq_iyjb
D:3:      grunt_temple_overflow_gold_and_silver, serial_bayou,
          serial_bayou_ford_a, serial_bayou_pond_e, serial_bayou_shore_a,
          serial_bayou_lagoon_a
D:4:      first_bread, minmay_misc_feat_doors
D:5:      serial_shops, nicolae_shop_behind_doors, trog_three_pillars_becter,
          uniq_pikel, uniq_edmund
D:6:      kennysheep_little_box, lemuel_crystal_altar, uniq_blork_the_orc
D:7:      nicolae_overflow_crystal_walls, the_bakery
D:8:      lemuel_angel_altar, uniq_gastronok, uniq_erica
D:9:      overflow_temple_1_default, marbit_many_paths, lair_0_dummy
D:10:     enter_bailey_2, uniq_nergalle
D:11:     uniq_harold
D:12:     orc_0_dummy
D:13:     okawaru_ov_weapons_minmay
Temple:   nicolae_temple_hex_pool
Bailey:   bailey_polearm_flooded_kennysheep, bailey

Skill      XL: |  1  2  3  4  5  6  7  8  9 10 11 |
---------------+----------------------------------+-----
Fighting       | 2 |  2.3
Shields        | 1 2 3 4 5 6 7 |  7.4
Unarmed Combat | 4 5 6 8 9 11 12 | 12.4
Earth Magic    | 3 4 6 |  6.6
Transmutations | 2 3 5 |  5.3
Spellcasting   | 1 2 3 |  3.2
Throwing       | |  1.7
Dodging        | |  2.6

Action                   |  1- 3 |  4- 6 |  7- 9 | 10-12 || total
-------------------------+-------+-------+-------+-------++-------
Melee: Unarmed           |    35 |   164 |   258 |   396 ||   853
       Punch             |     1 |       |       |       ||     1
       Kick              |       |       |    61 |   102 ||   163
Throw: Throwing net      |       |       |     3 |     3 ||     6
Invok: Divine Energy     |       |       |       |     1 ||     1
Evoke: Rod               |       |       |       |     6 ||     6
       Wand              |       |       |       |     3 ||     3
  Use: Potion            |       |       |     3 |     6 ||     9
       Scroll            |       |       |    12 |     3 ||    15
 Stab: Held in net/web   |       |       |     2 |     1 ||     3
       Confused          |       |       |       |     4 ||     4
  Eat: Chunk             |     6 |     9 |    13 |    35 ||    63
       Pizza             |       |       |     1 |       ||     1
       Meat ration       |       |       |       |     1 ||     1
Armor: Robe              |    16 |    53 |    36 |    69 ||   174
       Skin              |       |       |    18 |       ||    18
Dodge: Dodged            |    10 |    65 |    48 |    85 ||   208
Block: Shield            |     3 |    80 |    96 |   213 ||   392
       Reflection        |       |       |       |    12 ||    12
